 Dungeon Crawl Stone Soup version 0.29.1-15-g9cfb28693d (webtiles) character file.

Game seed: 18170511529506264937

90 McKennaii the Digger (level 4, -5/33 HPs)
             Began as a Demigod Earth Elementalist on Feb 25, 2023.
             Slain by Menkaure (23 damage)
             ... on level 4 of the Dungeon.
             The game lasted 00:02:00 (3336 turns).

McKennaii the Digger (Demigod Earth Elementalist)   Turns: 3336, Time: 00:02:00

Health: -5/33      AC:  2    Str:  9    XL:     4   Next: 11%
Magic:  7/11       EV: 12    Int: 21    God:
Gold:   201        SH:  5    Dex: 14    Spells: 4/8 levels left

rFire   . . .      SeeInvis .   m - +2 hand axe (elec)
rCold   . . .      Faith    .   (no shield)
rNeg    . . .      Spirit   .   a - +0 robe
rPois   .          Reflect  +   (no helmet)
rElec   .          Harm     .   (no cloak)
rCorr   .          Rampage  .   (no gloves)
Will    .....                   (no boots)
Stlth   ++........              f - amulet of reflection
HPRegen 0.11/turn               (no ring)
MPRegen 0.12/turn               (no ring)

@: no status effects
A: high MP 1, forlorn, divine attributes
a: no special abilities


You were on level 4 of the Dungeon.
You visited 1 branch of the dungeon, and saw 4 of its levels.

You collected 201 gold pieces.

Inventory:

Hand Weapons
 m - a +2 hand axe of electrocution (weapon)
Missiles
 o - a throwing net
Armour
 a - a +0 robe (worn)
Jewellery
 f - an amulet of reflection (around neck)
 n - a +6 ring of dexterity
Wands
 r - a wand of light (10)
Scrolls
 c - 6 scrolls of identify {unknown}
 g - 2 scrolls of blinking {unknown}
 h - a scroll of torment {unknown}
 i - a scroll of enchant weapon {unknown}
 j - 2 scrolls of amnesia {unknown}
 l - a scroll of immolation {unknown}
 s - a scroll of enchant armour {unknown}
 t - a scroll of vulnerability {unknown}
Potions
 b - 2 potions of magic
 d - a potion of haste {unknown}
 e - a potion of mutation {unknown}
 k - a potion of heal wounds {unknown}
 p - a potion of curing {unknown}
 q - 2 potions of attraction {unknown}


   Skills:
 - Level 1.7 Dodging
 - Level 1.7 Stealth
 + Level 2.8 Spellcasting
 + Level 1.1 Conjurations
 - Level 0.8 Transmutations
 + Level 3.6 Earth Magic


You had 4 spell levels left.
You knew the following spells:

 Your Spells              Type           Power      Damage    Failure   Level
a - Sandblast             Erth           36%        2d10      3%          1
b - Stone Arrow           Conj/Erth      26%        3d8       16%         3

Your spell library contained the following spells:

 Spells                   Type           Power      Damage    Failure   Level
 Passwall                 Tmut/Erth      10%        N/A       9%          2
 Slow                     Hex            12%        N/A       14%         1
 Confusing Touch          Hex            3%         N/A       38%         3
 Vampiric Draining        Necr           3%         2d6       38%         3
 Petrify                  Tmut/Erth      12%        N/A       47%         4
 Olgreb's Toxic Radiance  Pois           3%         N/A       80%         4
 Ozocubu's Refrigeration  Ice            1%         4d7       100%        7
 Ignition                 Fire           1%         3d3       100%        8


Dungeon Overview and Level Annotations

Branches:
Dungeon (4/15)
 Temple: D:4-7

Shops:
D:2 :

Annotations:
D:4 Menkaure


Innate Abilities, Weirdness & Mutations

You have an increased reservoir of magic. (+10% MP)
You shall have no god before yourself.
Your divine heritage dramatically boosts your attributes as you level up.


Message History

Confirm with . or Enter, or press ? or * to list all spells.
The spell is quite dangerous to miscast (16% risk of failure)!
Continue anyway?
Okay, then.
Casting: Stone Arrow (quite dangerous; 16% risk of failure)
Confirm with . or Enter, or press ? or * to list all spells.
Aiming: Sandblast (safe; 3% risk of failure)
Press: ? - help, Shift-Dir - straight line, f - Menkaure
Aim: Menkaure (dormant, 100% to hit)
The blast of sand hits Menkaure.
Menkaure is lightly damaged.
Menkaure shouts!
Menkaure gestures wildly while chanting.
Menkaure seems to speed up.
Casting: Sandblast (safe; 3% risk of failure)
Confirm with . or Enter, or press ? or * to list all spells.
Aiming: Sandblast (safe; 3% risk of failure)
Press: ? - help, Shift-Dir - straight line, f/p - Menkaure
Aim: Menkaure (lightly damaged, fast, 91% to hit)
The blast of sand hits Menkaure!
Menkaure is heavily damaged.
Unknown command.
Casting: Sandblast (safe; 3% risk of failure)
Confirm with . or Enter, or press ? or * to list all spells.
Aiming: Sandblast (safe; 3% risk of failure)
Press: ? - help, Shift-Dir - straight line, f/p - Menkaure
Aim: Menkaure (heavily damaged, fast, 91% to hit)
The blast of sand hits Menkaure!
Menkaure is almost destroyed.
Menkaure calls on the powers of darkness!
Your body is wracked with pain!
Casting: Sandblast (safe; 3% risk of failure)
Confirm with . or Enter, or press ? or * to list all spells.
Aiming: Sandblast (safe; 3% risk of failure)
Press: ? - help, Shift-Dir - straight line, f/p - Menkaure
Aim: Menkaure (almost destroyed, fast, 91% to hit)
The blast of sand hits Menkaure but does no damage.
Menkaure is almost destroyed.
Menkaure hits you!!
Ouch! That really hurt!
You die...

#........
.......<.
#.......#
#......#
#.....# #....#
##...M###
#....@..###
##.###.....#.
#..##.#.......
#...#.........
#...#......#
##.##......#
##..#........
#...........#
##..........#


You could see Menkaure (fast).

Vanquished Creatures
  A hound (D:4)
  An orc (D:3)
  A bat (D:2)
  3 bat zombies (D:3)
  10 endoplasms
  A giant cockroach (D:2)
  6 hobgoblins
  3 jackals (D:3)
  3 quokkas
  5 ball pythons
  4 frilled lizards
  4 goblins
  7 kobolds
  4 rats
  3 rat zombies (D:3)
56 creatures vanquished.

Notes
Turn   | Place    | Note
-------+----------+-------------------------------------------
     0 | D:1      | McKennaii the Demigod Earth Elementalist began the quest
                  | for the Orb.
     0 | D:1      | Reached XP level 1. HP: 14/14 MP: 5/5
   495 | D:1      | Reached skill level 3 in Earth Magic
   577 | D:1      | Reached XP level 2. HP: 20/20 MP: 5/7
  1580 | D:2      | Found Vaud's Book Emporium.
  1696 | D:2      | Reached XP level 3. HP: 26/26 MP: 7/9
  1700 | D:2      | Learned a level 3 spell: Stone Arrow
  3235 | D:4      | Reached skill level 1 in Conjurations
  3235 | D:4      | Reached XP level 4. HP: 29/33 MP: 6/11
  3331 | D:4      | Noticed Menkaure
  3336 | D:4      | Slain by Menkaure

Illustrated notes

Levels and vault maps discovered:
D:1:      heliophobic_arrival_ceremonial_halls, layout_basic
D:2:      layout_basic, shapermc_ecumenical_altar_hornbeckon, serial_shops,
          nicolae_shop_trees, minmay_misc_feat_ornament
D:3:      layout_loops_ring, lemuel_zombie_altar_kikubaaqudgha
D:4:      layout_cave_pools, mainiacjoe_overflow_brackets, uniq_menkaure

Skill      XL: |  1  2  3 |
---------------+----------+-----
Spellcasting   | 2 |  2.8
Earth Magic    | 3 |  3.6
Conjurations   | 1 |  1.1
Dodging        | |  1.7
Stealth        | |  1.7
Transmutations | |  0.8

Action                   |  1- 3 |  4- 6 || total
-------------------------+-------+-------++-------
Melee: Unarmed           |     6 |       ||     6
       Hand axe          |     3 |       ||     3
 Cast: Sandblast         |    73 |     5 ||    78
Armor: Robe              |     5 |       ||     5
Dodge: Dodged            |    10 |       ||    10
Block: Other             |     7 |       ||     7
